 Dungeon Crawl Stone Soup version 0.30.0-5-g1a98f26d00 (webtiles) character file.

Game seed: 4406633757500569310

443 dialectric the Chopper (level 7, -1/40 HPs)
             Began as a Gargoyle Wanderer on May 8, 2023.
             Was an Initiate of Trog.
             Slain by a wight
             ... wielding a +3 mace
              (10 damage)
             ... on level 4 of the Dungeon.
             The game lasted 00:04:55 (3420 turns).

dialectric the Chopper (Gargoyle Wanderer)          Turns: 3420, Time: 00:04:55

Health: -1/40      AC: 16    Str: 19    XL:     7   Next: 2%
Magic:  7/7        EV:  8    Int:  9    God:    Trog [......]
Gold:   238        SH:  0    Dex: 11    Spells: 6/6 levels left

rFire   . . .        a - +2 hand axe
rCold   . . .        (no shield)
rNeg    + . .        r - +0 chain mail
rPois   ∞            t - +0 helmet
rElec   +            s - +0 cloak
rCorr   .            (no gloves)
SInv    .            (no boots)
Will    .....        (no amulet) Stlth
                     (no ring)
HPRegen 0.26/turn    (no ring)
MPRegen 0.10/turn

%: no passive effects
@: no status effects
A: sickness immunity, AC +4, negative energy resistance 1, electricity
resistance, torment resistance 1, petrification resistance
a: Renounce Religion


You were on level 4 of the Dungeon.
You worshipped Trog.
Trog was noncommittal.
You visited 2 branches of the dungeon, and saw 6 of its levels.

You collected 238 gold pieces.

Inventory:

Hand Weapons
 a - a +2 hand axe (weapon)
 e - a +1 dagger of venom
Missiles
 i - 5 poisoned darts (quivered)
Armour
 c - a +0 scale mail
 r - a +0 chain mail (worn)
 s - a +0 cloak (worn)
 t - a +0 helmet (worn)
Jewellery
 n - an amulet of guardian spirit
 q - a ring of positive energy
Scrolls
 b - 3 scrolls of teleportation
 d - 2 scrolls of fear
 f - 2 scrolls of identify
 g - 2 scrolls of amnesia
 j - a scroll of butterflies {unknown}
 o - 4 scrolls of enchant weapon {unknown}
 p - a scroll of vulnerability {unknown}
 w - a scroll of magic mapping {unknown}
Potions
 h - 5 potions of heal wounds {unknown}
 k - a potion of curing
 l - 3 potions of lignification {unknown}
 m - a potion of berserk rage {unknown}
 u - a potion of degeneration {unknown}
 v - 2 potions of brilliance


   Skills:
 + Level 2.8 Fighting
 - Level 1.0 Short Blades
 + Level 5.1 Axes
 + Level 1.1 Throwing
 + Level 4.4 Armour
 - Level 2.2 Dodging
 - Level 2.1 Stealth
 - Level 1.0 Unarmed Combat


You had 6 spell levels left.
You didn't know any spells.
Your spell library contained the following spells:

 Spells                   Type           Power      Damage    Failure   Level
 Slow                     Hex            0%         N/A       97%         1
 Ensorcelled Hibernation  Hex/Ice        0%         N/A       99%         2
 Poisonous Vapours        Pois/Air       0%         N/A       99%         2
 Confusing Touch          Hex            0%         N/A       100%        3
 Mephitic Cloud           Conj/Pois/Air  0%         N/A       100%        3
 Spider Form              Tmut/Pois      0%         N/A       100%        3
 Vampiric Draining        Necr           0%         2d6       100%        3
 Anguish                  Hex/Necr       0%         N/A       100%        4
 Freezing Cloud           Conj/Ice/Air   0%         6-21      100%        5


Dungeon Overview and Level Annotations

Branches:
Dungeon (5/15)             Temple (1/1) D:4

Altars:
Cheibriados
Dithmenos
Elyvilon
Fedhas
Kikubaaqudgha
Makhleb
Nemelex Xobeh
Okawaru
Ru
Sif Muna
Trog
Uskayaw
Xom
Zin
The Shining One

Annotations:
D:4 1 runed translucent door, NinjaNoafa's ghost, weakling AtDe


Innate Abilities, Weirdness & Mutations

You are immune to sickness and miasma.
Your stone body is resilient. (AC +4)
You are immune to poison.
You resist negative energy. (rN+)
You are resistant to electric shocks. (rElec)
You are resistant to unholy torment.
You are immune to petrification.


Message History

You closely miss the wight.
The wight is moderately damaged.
The wight hits you but does no damage.
You hit the wight but do no damage.
The wight is moderately damaged.
You closely miss the wight.
The wight hits you with a +4 short sword!
The wight hits you with a +3 mace.
You hit the wight.
The wight is heavily damaged.
You barely miss the wight.
The wight hits you with a +4 short sword.
The wight barely misses you.
You hit the wight.
The wight is almost destroyed.
You closely miss the wight.
The wight hits you with a +4 short sword.
The wight barely misses you.
The wight hits you with a +4 short sword.
The wight hits you but does no damage.
You hit the wight but do no damage.
The wight is almost destroyed.
You closely miss the wight. The wight hits you with a +3 mace.
The wight barely misses you.
Unknown command.
You hit the wight.
You destroy the wight!
Trog accepts your kill.
You hit the wight but do no damage. The wight hits you but does no damage.
You have reached level 7!
The wight hits you with a +3 mace.
Things that are here:
a +4 short sword; a +0 robe You closely miss the wight.
The wight hits you with a +3 mace!
* * * LOW HITPOINT WARNING * * *
You closely miss the wight. The wight hits you with a +3 mace.
* * * LOW HITPOINT WARNING * * *
You closely miss the wight. The wight hits you but does no damage.
You completely miss the wight. The wight hits you with a +3 mace!
You die...

..............#.............##...
.......)......#.............#....
.....##.......#....[........#....
.....##...#######...##......##...
.....##...##..###...##......##...
..........#.....<...#.......#####
..........#.........#............
.....##...#.....z...#............
.....##...#.....@...#............
.....#######...#########....##...
.....##...##...###..#############
.......................#
.......................#
.......)...............#
##.<.#######..........##
########..##...######.#
................# #.#


You could see a wight.

Vanquished Creatures
  A phantom (D:3)
  4 wights
  A hound (D:4)
  An iguana (D:3)
  Terence (D:2)
  3 adders
  2 worms
  3 dart slugs
  2 orcs
  4 endoplasms
  A giant cockroach (D:3)
  4 goblins
  4 hobgoblins
  2 jackals (D:2)
  2 quokkas
  4 ball pythons
  6 bats
  5 frilled lizards
  7 kobolds
  4 rats
61 creatures vanquished.

Notes
Turn   | Place    | Note
-------+----------+-------------------------------------------
     0 | D:1      | dialectric the Gargoyle Wanderer began the quest for the
                  | Orb.
     0 | D:1      | dialectric set off with the following items: a +2 hand axe,
                  | a scroll of teleportation, a +0 scale mail, a scroll of
                  | fear.
     0 | D:1      | Reached XP level 1. HP: 12/12 MP: 1/1
   229 | D:1      | Reached XP level 2. HP: 16/16 MP: 2/2
   256 | D:1      | Reached skill level 4 in Axes
   680 | D:2      | Reached skill level 1 in Dodging
   680 | D:2      | Reached XP level 3. HP: 20/20 MP: 3/3
  1345 | D:2      | Noticed Terence
  1363 | D:2      | Killed Terence
  1364 | D:2      | Reached XP level 4. HP: 14/25 MP: 4/4
  2075 | D:3      | Reached skill level 1 in Short Blades
  2265 | D:4      | Noticed a phantom
  2391 | D:4      | Found a runed translucent door.
  2396 | D:4      | Noticed NinjaNoafa's ghost (weakling AtDe)
  2396 | D:4      | Noticed a bullfrog
  2424 | D:5      | Entered Level 5 of the Dungeon
  2458 | D:3      | Killed a phantom
  2459 | D:3      | Reached XP level 5. HP: 15/30 MP: 5/5
  2583 | D:3      | Reached XP level 6. HP: 13/35 MP: 6/6
  3049 | D:4      | Found a staircase to the Ecumenical Temple.
  3070 | Temple   | Entered the Ecumenical Temple
  3126 | Temple   | Became a worshipper of Trog the Wrathful
  3280 | D:3      | Reached skill level 5 in Axes
  3280 | D:3      | Reached skill level 1 in Throwing
  3416 | D:4      | Reached XP level 7. HP: 19/40 MP: 7/7
  3420 | D:4      | Slain by a wight

Illustrated notes

Levels and vault maps discovered:
D:1:      lightli_arrival_windingriver, layout_basic
D:2:      layout_loops_corners, uniq_terence
D:3:      layout_loops_ring
D:4:      layout_gridville, minmay_temple_entry_tees, ebering_ghost_inner_flame
D:5:      layout_gridville, hangedman_abyss_or_decor_slice
Temple:   bh_familiar_temple

Skill      XL: |  1  2  3  4  5  6 |
---------------+-------------------+-----
Axes           | 4 5 |  5.1
Dodging        | 1 2 |  2.2
Armour         | 3 4 |  4.4
Short Blades   | 1 |  1.0
Fighting       | 2 |  2.8
Throwing       | 1 |  1.1
Stealth        | |  2.1
Unarmed Combat | |  1.0

Action                     |  1- 3 |  4- 6 |  7- 9 || total
---------------------------+-------+-------+-------++-------
  Melee: Hand axe          |    15 |    97 |     4 ||   116
         Dagger            |    87 |    60 |       ||   147
         Punch             |     3 |     2 |       ||     5
  Throw: Dart              |       |     8 |       ||     8
    Use: Potion            |       |     4 |       ||     4
         Scroll            |       |     2 |       ||     2
 Armour: Scale mail        |    52 |     4 |       ||    56
         Chain mail        |       |   110 |     1 ||   111
  Dodge: Dodged            |    42 |    75 |       ||   117
